cohdb
Replays
Latest Replays
All Replays
Popular Replays
Top Player Replays
Match Explorer
How It Works
Community
CoH3 Stats
Reddit
Sign in to upload your games and track your stats! →
Sign in with Steam
Match 47028830
Unlisted
Match 47028830
Overview
Messages
Build Orders
End
Vickers Machine Gun Team
Construct Section Command Post
Infantry Section
Infantry Section
Infantry Section
Construct Field Infirmary
Grenade Package
Selects Canadian Shock Battlegroup
Selects Incendiary Munitions
Infantry Section
Construct Platoon Command Post
Selects Pyrotechnics
Humber Armored Car
6-pounder Anti-tank Gun Team
Construct Company Command Post
Crusader II Medium Tank
Foot Guards Section
Foot Guards Section
Foot Guards Section
Infantry Training
Selects Churchill Crocodile Heavy Tank
Selects Attacking Spirit
Selects Canadian Shock Section
Churchill Crocodile Heavy Tank
Foot Guards Section
bigmac
YdnErCz
Yoddha
zintoko
kzvs1nyx
XeNoX
0
0
Comments
sign in to comment!
No comments posted yet!